 Dungeon Crawl Stone Soup version 0.25.1-9-gc5326a611f (webtiles) character file.

Game seed: 7913772887330089135

7861 sahdkjhfkaj the Markscentaur (level 11, -9/88 (89) HPs)
             Began as a Centaur Hunter on Dec 27, 2020.
             Was a Priest of Okawaru.
             Shot with a sling bullet by Joseph (17 damage)
             ... on level 1 of the Lair of Beasts on Dec 28, 2020.
             The game lasted 00:23:50 (16459 turns).

sahdkjhfkaj the Markscentaur (Centaur Hunter)      Turns: 16459, Time: 00:23:51

HP:   -9/88 (89)    AC: 10    Str: 17    XL:     11   Next: 2%
MP:   0/20          EV:  5    Int: 10    God:    Okawaru [***...]
Gold: 431           SH:  0    Dex: 11    Spells: 10/10 levels left

rFire    . . .     SeeInvis .   b - +1 dagger (venom)
rCold    . . .     Gourm    .   (no shield)
rNeg     . . .     Faith    .   F - +0 chain mail
rPois    .         Spirit   +   (no helmet)
rElec    .         Reflect  .   s - +0 cloak
rCorr    .         Harm     .   E - +1 pair of gloves
MR       +....                  (no barding)
Stlth    ..........             j - amulet of guardian spirit
HPRegen  0.24/turn              u - ring of magical power
MPRegen  0.17/turn              z - ring of protection from magic

@: very quick
A: large, hooves 3, deformed body, speed 2, tough skin 3
a: Heroism, Renounce Religion


You were on level 1 of the Lair of Beasts.
You worshipped Okawaru.
Okawaru was most pleased with you.
You were hungry.

You visited 3 branches of the dungeon, and saw 12 of its levels.

You collected 431 gold pieces.

Inventory:

Hand Weapons
 a - a +1 shortbow
 b - a +1 dagger of venom (weapon)
Missiles
 d - 191 arrows
 G - a throwing net (quivered) {!f}
Armour
 s - a +0 cloak (worn)
 E - a +1 pair of gloves (worn)
 F - a +0 chain mail (worn)
Jewellery
 j - an amulet of guardian spirit (around neck)
 l - an uncursed ring of fire
 u - a ring of magical power (left hand)
 z - a ring of protection from magic (right hand)
 H - a cursed ring of poison resistance {unknown}
Wands
 r - a wand of polymorph (7)
 I - a wand of iceblast (11)
Scrolls
 h - 3 scrolls of enchant weapon
 i - a scroll of noise
 o - 6 scrolls of remove curse
 y - a scroll of fear
 A - 2 scrolls of teleportation {!r}
 B - 3 scrolls of magic mapping
 K - a scroll of amnesia
Potions
 c - a potion of resistance {unknown}
 e - a potion of haste {unknown}
 g - a potion of berserk rage {unknown}
 k - 2 potions of degeneration {unknown}
 m - a potion of lignification {unknown}
 p - 4 potions of curing {unknown}
 q - 2 potions of mutation {unknown}
 t - 2 potions of stabbing
 v - 2 potions of ambrosia {unknown}
 w - a potion of cancellation {unknown}
 x - a potion of flight {unknown}
 C - a potion of might {unknown}
 D - 2 potions of brilliance {unknown}
 J - 2 potions of heal wounds
Comestibles
 n - 17 rations


   Skills:
 - Level 6.0 Fighting
 + Level 19.4 Bows
 - Level 1.3 Dodging
 - Level 0.4 Stealth


You had 10 spell levels left.
You didn't know any spells.
Your spell library contained the following spells:

 Spells                   Type           Power        Failure   Level  Hunger
 Animate Skeleton         Necr           N/A          100%        1    ##.....
 Magic Dart               Conj           #...         100%        1    ##.....
 Pain                     Necr           #...         100%        1    ##.....
 Blink                    Tloc           N/A          100%        2    ###....
 Call Imp                 Summ           #.......     100%        2    ###....
 Slow                     Hex            #.......     100%        2    ###....
 Conjure Flame            Conj/Fire      #.......     100%        3    ####...
 Mephitic Cloud           Conj/Pois/Air  #.......     100%        3    ####...
 Vampiric Draining        Necr           #.........   100%        3    ####...
 Animate Dead             Necr           N/A          100%        4    #####..
 Agony                    Necr           #.......     100%        5    ######.


Dungeon Overview and Level Annotations

Branches:
Dungeon (10/15)            Temple (1/1) D:6            Lair (1/6) D:9
    Orc (0/2) D:9

Altars:
Ashenzari
Cheibriados
Dithmenos
Elyvilon
Fedhas
Gozag
Hepliaklqana
Kikubaaqudgha
Makhleb
Nemelex Xobeh
Okawaru
Qazlal
Ru
Sif Muna
Trog
Uskayaw
Vehumet
Wu Jian
Xom
Yredelemnul
Zin
The Shining One

Shops:
D:4 =}*   D:5 !   D:7 !([?

Annotations:
Lair:1 Joseph, Urug


Innate Abilities, Weirdness & Mutations

You have hooves in place of feet.
Armour fits poorly on your strangely shaped body.
You cover ground very quickly.
You have extremely tough skin. (AC +3)


Message History

You open the door.
There is an open door here.
The blink frog croaks.
The blink frog gives a loud, deep croak! x2
Joseph unwields a +0 quarterstaff.
Joseph wields a +0 hunting sling.
Joseph shoots a sling bullet.
The sling bullet hits you.
The blink frog blinks!
You see here a sling bullet.
Joseph shoots a sling bullet.
The sling bullet hits you!!
* * * LOW HITPOINT WARNING * * *
The blink frog blinks!
Joseph shoots a sling bullet.
The sling bullet hits you!
* * * LOW HITPOINT WARNING * * *
You see here a sling bullet.
Unknown command.
The blink frog croaks.
You hear a shout!
As you read the scroll of fear, it crumbles to dust.
You assume a fearsome visage.
The water moccasin looks frightened!
The blink frog looks frightened!
The blink frog blinks! x2
Joseph shoots a sling bullet.
The sling bullet hits you!!
You die...

####### ### ######
####.P.#.####.############.##P##
##...F...o.l.....................
#.§####.###.#....P.#..###........
##.# #...#####..........#....PP#.
#.####.#### #S.@.......#...#....
#..##.....###...#......#...#....
##..##...F..F'§.............#....
#..###.....##P...#......#........
##.'....D..###.§.#......#...#....
#.####..### #.(F#......#...#....
#.###########...###+#+.#...#....
#.##..#.##.#@........ .....####.
##...............................


You could see Joseph, a komodo dragon (wandering), 2 blink frogs and a water
moccasin (fleeing).

Vanquished Creatures
  2 spiny frogs (Lair:1)
  2 hippogriffs (D:7)
  A wyvern (D:4)
  Eustachio (D:4)
  13 yaks
  A basilisk (Lair:1)
  Grum (D:8)
  Edmund (D:3)
  An orc warrior (D:7)
  An ice beast (D:10)
  2 necrophages
  2 black bears
  2 phantoms
  9 ogres
  10 wolves
  A hornet zombie (D:9)
  3 centaurs
  A crocodile (Lair:1)
  A big kobold (D:7)
  4 bullfrogs
  A wyvern zombie (D:8)
  2 scorpions
  4 killer bees (D:10)
  2 jellies
  4 crimson imps
  3 bullfrog zombies
  3 orc priests
  2 hounds
  5 orc wizards
  Crazy Yiuf (D:5)
  A bullfrog skeleton (D:5)
  8 worker ants
  3 hound skeletons
  4 adders
  A howler monkey skeleton (D:5)
  A river rat (D:5)
  3 oozes
  2 adder skeletons (D:6)
  11 worms
  3 dart slugs
  7 leopard geckos
  18 orcs
  9 bats
  6 giant cockroaches
  10 goblins
  8 hobgoblins
  5 quokkas
  6 ball pythons
  5 frilled lizards
  13 kobolds
  A leopard gecko skeleton (D:5)
  A leopard gecko zombie (D:7)
  An orc zombie (D:5)
  2 quokka skeletons
  11 rats
  A rat zombie (D:5)
227 creatures vanquished.

Vanquished Creatures (others)
  3 fungi (Lair:1)
3 creatures vanquished.

Grand Total: 230 creatures vanquished

Notes
Turn   | Place    | Note
-------+----------+-------------------------------------------
     0 | D:1      | sahdkjhfkaj the Centaur Hunter began the quest for the Orb.
     0 | D:1      | Reached XP level 1. HP: 17/17 MP: 1/1
   106 | D:1      | Reached XP level 2. HP: 18/25 MP: 2/2
   682 | D:1      | Reached XP level 3. HP: 24/31 MP: 3/3
  1702 | D:2      | You fall into a shaft and drop 1 floor!
  1715 | D:3      | Found a white marble altar of Elyvilon.
  1772 | D:3      | Reached XP level 4. HP: 41/41 MP: 4/4
  1809 | D:3      | Found an ancient bone altar of Kikubaaqudgha.
  1829 | D:3      | Found a sparkling altar of Nemelex Xobeh.
  2562 | D:3      | Found a basalt altar of Yredelemnul.
  3052 | D:4      | Found Nege's Jewellery Shoppe.
  3100 | D:4      | Found Xempa's Gadget Boutique.
  3110 | D:4      | Noticed Edmund
  3160 | D:4      | Noticed an ogre
  3194 | D:3      | Killed Edmund
  3194 | D:3      | Reached XP level 5. HP: 21/50 MP: 5/5
  3427 | D:4      | Found Zin's Purification Station.
  3445 | D:4      | Found a glowing silver altar of Zin.
  3638 | D:4      | Killed an ogre
  3638 | D:4      | Reached skill level 6 in Bows
  3638 | D:4      | Reached XP level 6. HP: 57/57 MP: 6/6
  3883 | D:4      | Reached skill level 7 in Bows
  3979 | D:4      | Reached skill level 8 in Bows
  3979 | D:4      | Reached XP level 7. HP: 47/63 MP: 7/7
  4263 | D:4      | Noticed Eustachio
  4280 | D:4      | Killed Eustachio
  4280 | D:4      | Reached skill level 9 in Bows
  4470 | D:4      | Noticed a wyvern
  4478 | D:4      | Killed a wyvern
  4478 | D:4      | Reached skill level 10 in Bows
  4691 | D:5      | Entered Level 5 of the Dungeon
  4890 | D:5      | Found Dolo Woll's Distillery.
  5300 | D:5      | Reached skill level 11 in Bows
  5300 | D:5      | Reached XP level 8. HP: 57/70 MP: 8/8
  5849 | D:5      | Reached skill level 12 in Bows
  6148 | D:5      | Found a radiant altar of Vehumet.
  6176 | D:5      | Found a glowing golden altar of the Shining One.
  6226 | D:5      | Found a hide-covered altar of Uskayaw.
  6523 | D:5      | Found a runed translucent door.
  6524 | D:5      | Noticed Crazy Yiuf
  6782 | D:5      | Killed Crazy Yiuf
  6871 | D:6      | Found a burning altar of Makhleb.
  7288 | D:6      | Found a staircase to the Ecumenical Temple.
  7298 | Temple   | Entered the Ecumenical Temple
  7554 | D:6      | Reached skill level 13 in Bows
  8213 | D:7      | Reached XP level 9. HP: 66/74 MP: 9/9
  8308 | D:7      | Noticed a moth of wrath
  8310 | D:7      | Found a bloodstained altar of Trog.
  8466 | D:7      | Found Qeto's Antique Armour Boutique.
  8513 | D:7      | Reached skill level 14 in Bows
  8744 | D:7      | Found Qeerry Hasi's Distillery.
  9253 | D:7      | Found Ytzulian's Magic Scroll Shoppe.
  9303 | D:7      | Reached skill level 15 in Bows
  9908 | D:7      | Found Fualy's Weapon Boutique.
 10151 | D:7      | Found a stormy altar of Qazlal.
 10554 | D:8      | Reached skill level 16 in Bows
 11118 | D:8      | Found an iron altar of Okawaru.
 11126 | D:8      | Became a worshipper of Warmaster Okawaru
 11217 | D:8      | Noticed Grum
 11696 | D:8      | Killed Grum
 11696 | D:8      | Reached XP level 10. HP: 82/82 MP: 10/10
 11848 | D:8      | Found a shimmering altar of Xom.
 11858 | D:8      | Found a glowing silver altar of Zin.
 11858 | D:8      | Found a shimmering altar of Xom.
 11862 | D:8      | Found a shimmering altar of Xom.
 11862 | D:8      | Found a white marble altar of Elyvilon.
 11862 | D:8      | Found an iron altar of Okawaru.
 12234 | D:9      | Found a staircase to the Orcish Mines.
 12257 | D:9      | Found a sacrificial altar of Ru.
 12270 | D:9      | Found a staircase to the Lair.
 12349 | D:9      | Reached skill level 17 in Bows
 12595 | D:10     | Entered Level 10 of the Dungeon
 12645 | D:10     | Found a basalt altar of Yredelemnul.
 12681 | D:10     | Reached * piety under Okawaru
 13695 | D:10     | Noticed a gargoyle
 13904 | Lair:1   | Entered Level 1 of the Lair of Beasts
 14094 | Lair:1   | Noticed a spiny frog
 14103 | Lair:1   | Killed a spiny frog
 14103 | Lair:1   | Reached skill level 18 in Bows
 14203 | Lair:1   | Noticed a spiny frog
 14217 | Lair:1   | Killed a spiny frog
 14726 | Lair:1   | Reached ** piety under Okawaru
 14772 | Lair:1   | Noticed a seven-headed hydra
 14798 | Lair:1   | Noticed Joseph
 15241 | D:9      | Reached skill level 19 in Bows
 15941 | D:9      | Reached XP level 11. HP: 45/88 MP: 11/11
 16133 | Lair:1   | Reached *** piety under Okawaru
 16414 | Lair:1   | Noticed Urug
 16459 | Lair:1   | Shot with a sling bullet by Joseph

Illustrated notes

Levels and vault maps discovered:
D:1:      wander_arrival_fairy_ring, layout_loops_corners
D:2:      layout_loops_cross, minivault_14, lemuel_old_faithful
D:3:      kennysheep_big_flooded_room, layout_loops_ring, lemuel_doored_altar,
          overflow_temple_1_default, old_standard_altar, elyvilon_altar_1
D:4:      layout_loops_ring, zin_purify, serial_shops, shop, shop_fountains,
          dk_noncrumbling_3, feat_on_display, uniq_edmund, uniq_eustachio
D:5:      minmay_opposing_rooms, layout_basic, tso_altar, vehumet_crystals,
          nicolae_overflow_hidden_temple, gup_sewer_entry_bubbles,
          enter_ossuary_3, serial_shops, kennysheep_little_box, first_ration,
          uniq_crazy_yiuf_cottage
D:6:      layout_rooms, bloody_makhleb, minmay_temple_entry_trees,
          grunt_ministairs_15, kennysheep_opposing_triangles
D:7:      layout_basic, nicolae_qazlal_eye_of_the_storm, tgw_trog,
          serial_co_window_serial, co_window_corner_a, co_window_paths_b,
          co_window_corner_a, co_window_corner_a, co_window_paths_a,
          co_window_of_opportunity_c, co_window_unsneaky_path_a,
          co_window_corner_b, co_window_unsneaky_path_b, co_window_corner_b,
          serial_shops, shop, kennysheep_mini, shop, nicolae_shop_waterfront,
          st_stairs_12, grunt_ogre_cave, chequers_avenue
D:8:      layout_basic, doesnt_xom_only_xom, kennysheep_okawaru_gauntlet,
          chequers_serial_rivers_room_a, uniq_grum
D:9:      layout_basic, old_standard_altar, lair_entry_dummy, orc_0_dummy
D:10:     layout_roguey, st_stairs_6, yredelemnul_altar_generic
Temple:   compressed_dpeg_triangle_lava_temple
Lair:1:   dragon1_lemuel, layout_regular_city, uniq_urug, uniq_joseph

Skill      XL: |  1  2  3  4  5  6  7  8  9 10 |
---------------+-------------------------------+-----
Fighting       | 3 4 6 |  6.0
Bows           | 6 8 11 13 16 19 | 19.4
Dodging        | |  1.3
Stealth        | |  0.4

Action                   |  1- 3 |  4- 6 |  7- 9 | 10-12 || total
-------------------------+-------+-------+-------+-------++-------
Melee: Short sword       |    53 |       |       |       ||    53
       Kick              |    21 |    23 |   125 |    49 ||   218
       Dagger            |    74 |    74 |   372 |   169 ||   689
 Fire: Shortbow          |       |    56 |   224 |   189 ||   469
Evoke: Wand              |       |       |     1 |     1 ||     2
  Use: Scroll            |       |     3 |     5 |    12 ||    20
       Potion            |       |     1 |       |       ||     1
  Eat: Chunk             |     2 |     3 |    18 |     4 ||    27
       Ration            |       |     1 |     1 |     2 ||     4
Armor: Leather armour    |    47 |    22 |    74 |       ||   143
       Chain mail        |       |       |   164 |   105 ||   269
Dodge: Dodged            |    54 |    44 |   162 |    60 ||   320
